 Dungeon Crawl Stone Soup version 0.29-a0-512-gf59ac788ac (webtiles) character file.

Game seed: 8691954986115976613

53 porpoise the Shooter (level 3, -5/22 HPs)
             Began as a Tengu Hunter on May 30, 2022.
             Slain by a goblin
             ... wielding a +2 dagger of electrocution
             ... led by Robin
              (20 damage)
             ... on level 2 of the Dungeon.
             The game lasted 00:03:02 (677 turns).

porpoise the Shooter (Tengu Hunter)                  Turns: 677, Time: 00:03:04

Health: -5/22      AC:  5    Str: 11    XL:     3   Next: 89%
Magic:  4/4        EV: 13    Int:  9    God:
Gold:   92         SH:  0    Dex: 19    Spells: 2/2 levels left

rFire   . . .      SeeInvis .   a - +1 shortbow
rCold   . . .      Faith    .   (shield currently unavailable)
rNeg    . . .      Spirit   .   b - +0 leather armour
rPois   .          Reflect  .   g - +2 hat
rElec   .          Harm     .   (no cloak)
rCorr   .          Rampage  .   (no gloves)
Will    .....                   (boots unavailable)
Stlth   ++........              (no amulet)
HPRegen 0.07/turn               (no ring)
MPRegen 0.09/turn               (no ring)

@: no status effects
A: beak, talons 3
a: no special abilities


You were on level 2 of the Dungeon.
You visited 1 branch of the dungeon, and saw 2 of its levels.

You collected 92 gold pieces.

Inventory:

Hand Weapons
 a - a +1 shortbow (weapon)
Armour
 b - a +0 leather armour (worn)
 g - a +2 hat (worn)
Scrolls
 c - a scroll of immolation
 e - a scroll of enchant armour {unknown}
 h - a scroll of fog {unknown}
Potions
 d - a potion of heal wounds {unknown}
 f - 2 potions of flight {unknown}
 i - a potion of haste {unknown}
 j - a potion of degeneration {unknown}


   Skills:
 + Level 2.6 Fighting
 + Level 4.8 Bows
 + Level 2.9 Dodging
 + Level 2.0 Stealth


You had 2 spell levels left.
You didn't know any spells.
Your spell library contained the following spells:

 Spells                   Type           Power      Damage    Failure   Level
 Slow                     Hex            0%         N/A       47%         1
 Sting                    Tmut/Pois      0%         1d3       47%         1
 Poisonous Vapours        Pois/Air       0%         N/A       63%         2
 Confusing Touch          Hex            0%         N/A       85%         3
 Vampiric Draining        Necr           0%         2d6       85%         3
 Olgreb's Toxic Radiance  Pois           0%         N/A       99%         4


Dungeon Overview and Level Annotations

Branches:
Dungeon (2/15)

Altars:

Annotations:
D:2 Robin


Innate Abilities, Weirdness & Mutations

You have a beak for a mouth.
You have claws for feet.


Message History

You shoot an arrow. The arrow hits the goblin.
You kill the goblin!
You shoot an arrow. The arrow closely misses the goblin.
You shoot an arrow. The arrow hits the goblin!
You kill the goblin!
A goblin comes into view. It is wielding a +0 dagger.
You shoot an arrow. The arrow hits the goblin.
You kill the goblin!
No target in view!
No target in view!
Robin of the Strong Arm comes into view.
They are wielding a +0 whip.
You shoot an arrow.
Robin shouts!
The arrow hits Robin but does no damage.
A goblin comes into view. It is wielding a +0 club.
Robin throws the goblin at you!
You shoot an arrow. The goblin shouts!
The arrow hits the goblin.
The goblin is heavily wounded.
You hear a shout! x3
The goblin hits you with a +0 club. Robin throws the goblin at you!
You shoot an arrow. The arrow hits the goblin!
You kill the goblin!
A goblin comes into view.
It is wielding a +2 dagger of electrocution.
Robin roars a battlecry!
The goblins go into a battle-frenzy!
The goblin hits you but does no damage. The goblin barely misses you.
The goblin unwields a +2 dagger of electrocution.
It stops crackling.
The goblin wields a +0 hunting sling.
The goblin shoots a sling bullet.
The sling bullet closely misses you. The goblin completely misses you.
Robin throws the goblin at you!
Items here: ( ) [ †.
The goblin attacks as you move away!
The goblin unwields a +0 hunting sling.
The goblin wields a +2 dagger of electrocution.
You hear the crackle of electricity.
The goblin hits you with a +2 dagger of electrocution.
You are electrocuted!!
Ouch! That really hurt!
You die...

##.#.#.#.#)##
#)..........#
##.#.#.#.#.##
#<..........#
##.#.#.#.#.###
#............#
##.#.#.#.#.#.#
#.##.......#.#######
#. #.......@g.......
########g......g.
#.)......g
#.........
#.....).).
#.....))).
........).
.....[....
...........


You could see Robin and 2 goblins.

Vanquished Creatures
  2 adders (D:2)
  A worm (D:2)
  3 bats
  3 endoplasms
  9 goblins
  3 hobgoblins (D:1)
  2 jackals (D:1)
  A quokka (D:1)
  A ball python (D:1)
  A frilled lizard (D:1)
  A kobold (D:2)
  3 rats
30 creatures vanquished.

Vanquished Creatures (others)
  A plant (D:2)
1 creature vanquished.

Grand Total: 31 creatures vanquished

Notes
Turn   | Place    | Note
-------+----------+-------------------------------------------
     0 | D:1      | porpoise the Tengu Hunter began the quest for the Orb.
     0 | D:1      | Reached XP level 1. HP: 12/12 MP: 2/2
    36 | D:1      | Reached XP level 2. HP: 17/17 MP: 3/3
   131 | D:1      | Found a faded altar of an unknown god.
   606 | D:2      | Reached XP level 3. HP: 22/22 MP: 4/4
   672 | D:2      | Noticed Robin
   677 | D:2      | Slain by a goblin

Illustrated notes

Levels and vault maps discovered:
D:1:      spicycebolla_arrival_transporter_tutorial, layout_rooms,
          shapermc_ecumenical_altar_venn
D:2:      layout_basic, serial_bayou_pond_d, st_stairs_10, uniq_robin

Skill      XL: |  1  2  3 |
---------------+----------+-----
Stealth        | 2 |  2.0
Fighting       | |  2.6
Bows           | |  4.8
Dodging        | |  2.9

Action                   || total
-------------------------++-------
 Fire: Shortbow          ||    58
Armor: Leather armour    ||     7
Dodge: Dodged            ||     8

Table legend: (Time is in decaauts)
 A = Elapsed time spent in this place.
 B = Non-inter-level travel time spent in this place.
 C = Inter-level travel time spent in this place.
 D = Time resting spent in this place.
 E = Time spent auto-exploring this place.
 F = Levels seen in this place.
 G = Mean time per level.
                   A        B        C        D        E       F      G
               +--------+--------+--------+--------+--------+-----+--------+
         Total |    700 |    663 |     37 |     77 |    422 |   2 |  350.0 |
       Dungeon |    700 |    663 |     37 |     77 |    422 |   2 |  350.0 |
               +--------+--------+--------+--------+--------+-----+--------+

Top non-repeatable levels by time:
     D:1: 558 daAuts
     D:2: 141 daAuts
